 Dungeon Crawl Stone Soup version 0.29.0-15-g675c0067aa (webtiles) character file.

Game seed: 13333545796096293716

9 qw the Sneak (level 2, -4/19 HPs)
             Began as a Gargoyle Delver on Sept 11, 2022.
             Slain by a gnoll
             ... wielding a +0 halberd
             ... led by a gnoll bouda
              (5 damage)
             ... on level 5 of the Dungeon.
             The game lasted 00:00:03 (118 turns).

qw the Sneak (Gargoyle Delver)                       Turns: 118, Time: 00:00:03

Health: -4/19      AC:  5    Str: 15    XL:     2   Next: 12%
Magic:  2/2        EV: 11    Int: 10    God:
Gold:   22         SH:  0    Dex: 11    Spells: 1/1 levels left

rFire   . . .      SeeInvis .   Y - +0 hand axe
rCold   . . .      Faith    .   (no shield)
rNeg    + . .      Spirit   .   b - +0 leather armour
rPois   inf        Reflect  .   (no helmet)
rElec   +          Harm     .   (no cloak)
rCorr   .          Rampage  .   (no gloves)
Will    .....                   (no boots)
Stlth   +++.......              (no amulet)
HPRegen 0.06/turn               (no ring)
MPRegen 0.08/turn               (no ring)

@: no status effects
A: sickness immunity, AC +2, negative energy resistance 1, electricity
resistance, torment resistance 1, petrification resistance
a: no special abilities


You were on level 5 of the Dungeon.
You visited 1 branch of the dungeon, and saw 1 of its levels.

You collected 22 gold pieces.


Innate Abilities, Weirdness & Mutations

You are immune to sickness and miasma.
Your stone body is resilient. (AC +2)
You are immune to poison.
You resist negative energy. (rN+)
You are resistant to electric shocks. (rElec)
You are resistant to unholy torment.
You are immune to petrification.


   Skills:
 - Level 3.2 Fighting
 + Level 2.5 Axes
 - Level 1.5 Dodging
 - Level 5.4 Stealth


You had one spell level left.
You didn't know any spells.
Your spell library was empty.

Inventory:

Hand Weapons
 Y - a +0 hand axe (weapon)
Armour
 b - a +0 leather armour (worn)
Wands
 g - a wand of digging (3)
Scrolls
 c - a scroll of fog
 d - a scroll of magic mapping
 e - a scroll of fear
Potions
 f - a potion of haste
 i - a potion of attraction {unknown}

Dungeon Overview and Level Annotations

Branches:
Dungeon (5/15)
 Temple: D:4-7

Altars:


Message History

The gnoll shouts! x4
The phantom hits you but does no damage.
Enter note: The gnoll bouda shouts!
The gnoll shouts!
You hit the phantom but do no damage.
The phantom hits you but does no damage.
The gnoll bouda gazes fiercely through you!
You feel your attacks grow feeble.
You hit the phantom but do no damage. The phantom misses you.
You hit the phantom but do no damage. The phantom misses you.
The gnoll hits you but does no damage.
The gnoll hits you from afar with a +0 spear.
The gnoll misses you. The gnoll hits you with a +0 flail.
The phantom closely misses you.
You closely miss the phantom. You hit the gnoll.
Your attacks no longer feel as feeble.
The phantom hits you but does no damage.
The gnoll closely misses you. The gnoll completely misses you.
The gnoll closely misses you.
The gnoll bouda barks out a call to the hunt!
The gnolls pick up the pace!
You hit the gnoll.
The gnoll is heavily wounded.
You closely miss the phantom. The gnoll closely misses you.
The gnoll hits you with a +0 flail.
The gnoll hits you but does no damage. x2; The phantom hits you.
You hit the gnoll.
The gnoll is severely wounded.
You hit the phantom. The phantom completely misses you.
The gnoll closely misses you. The gnoll misses you.
The gnoll hits you from afar with a +0 spear.
You hit the gnoll.
You kill the gnoll!
You closely miss the phantom. You hit the gnoll.
The phantom hits you but does no damage.
The gnoll closely misses you.
The gnoll hits you from afar with a +0 halberd.
You die...

....#.#.#..
##
....#.#.#.#
#.#$
#....#.#$#
## #...
....#.#.#
.. <....
.......#.#
.....
#.......#
#####
#..gWg..#
#..@.g..#
#..).g.....
#....g.....
###+###....
... .. .


You could see a phantom, a gnoll bouda and 4 gnolls.

Vanquished Creatures
  A gnoll (D:5)
  An adder (D:5)
2 creatures vanquished.

Notes
Turn   | Place    | Note
-------+----------+-------------------------------------------
     0 | D:5      | qw the Gargoyle Delver began the quest for the Orb.
     0 | D:5      | Reached XP level 1. HP: 14/14 MP: 1/1
     0 | D:5      | 0 ||| qw: Version: 0.1-a-118-gb4e7ce6
     0 | D:5      | 0 ||| qw: Game counter: 10519
     0 | D:5      | 0 ||| qw: Always use a shield: true
     0 | D:5      | 0 ||| qw: God list: Okawaru
     0 | D:5      | 0 ||| qw: Allow faded altars: false
     0 | D:5      | 0 ||| qw: Do Orc after D:15 true
     0 | D:5      | 0 ||| qw: Do second Lair branch before Depths: true
     0 | D:5      | 0 ||| qw: Lair rune preference: random
     0 | D:5      | 0 ||| qw: Plans: Normal
     0 | D:5      | 0 ||| PLANNING D:1-11
    15 | D:5      | Reached XP level 2. HP: 17/19 MP: 2/2
   108 | D:5      | 108 ||| READING scroll labelled CINOUV IBBUROM.
   111 | D:5      | Noticed a phantom
   116 | D:5      | HP: 2/19 [phantom (6)]
   118 | D:5      | Slain by a gnoll

Levels and vault maps discovered:
D:5:      layout_basic, overflow_temple_1_default, minmay_shop_mass,
          st_stairs_4, uniq_grinder, uniq_menkaure, uniq_duvessa

Skill      XL: |  1 |
---------------+----+-----
Axes           | 2 |  2.5
Fighting       | |  3.2
Dodging        | |  1.5
Stealth        | |  5.4

Action                   || total
-------------------------++-------
Melee: Hand axe          ||    14
  Use: Scroll            ||     1
Armor: Leather armour    ||     8
Dodge: Dodged            ||    19

Table legend:
 A = Non-vault XP
 B = Vault XP
 C = Vault XP percentage of total XP
 D = Non-vault monster count
 E = Vault monster count
 F = Vault count percentage of total count
                 A         B        C        D         E       F
            +---------+---------+-------+---------+---------+-------
      Total |      28 |       0 |   0.0 |       2 |       0 |   0.0
            +---------+---------+-------+---------+---------+-------
        D:5 |      28 |       0 |   0.0 |       2 |       0 |   0.0
            +---------+---------+-------+---------+---------+-------
